General information
- name: BNet
- type: Ladder team game (AT/RT)
- host: Battle.net
- saver: WinterEagle
map: Cherryville
- players: 8
- length: 32:01
- speed: Fast
- version: 1.26 W3XP
- replay type: Public
» download(194 KB)
Players
team 1 (loser)

»
Utes (
blue | 38 APM | 1140 actions | 29:59)
4 Archmage
2 Summon Water Elemental
2 Brilliance Aura
2 Mountain King
1 Storm Bolt
1 Bash
» actions
| Build / train | 50 | |
| Enter build submenu | 33 | |
| Enter hero's abilities submenu | 6 | |
| Right click | 691 | |
| Select / deselect | 309 | |
| Use ability | 51 | |
1140 total
» units
| Peasant | 10 | |
| Rifleman | 11 | |
| Mortar Team | 5 | |
26 total
» upgrades
| Long Rifles | 1 | |
| Gunpowder | 2 | |
| Flare | 1 | |
4 total
» buildings
| Altar of Kings | 1 | |
| Farm | 10 | |
| Scout Tower | 9 | |
| Arcane Tower | 1 | |
| Blacksmith | 1 | |
| Barracks | 1 | |
| Arcane Vault | 1 | |
| Lumber Mill | 3 | |
| Guard Tower | 7 | |
| Keep | 1 | |
| Workshop | 2 | |
37 total
» build order
00:13 Altar of Kings
00:22 Farm
00:47 Scout Tower
01:30 Farm
01:31 Arcane Tower
01:52 Blacksmith
02:17 Barracks
02:30 Arcane Vault
02:33 Lumber Mill
02:43 Lumber Mill
02:53 Lumber Mill
03:21 Farm
03:26 Scout Tower
03:50 Farm
04:09 Farm
04:13 Guard Tower
04:43 Keep
05:18 Scout Tower
05:28 Farm
06:04 Guard Tower
06:42 Farm
06:45 Farm
07:41 Workshop
07:45 Workshop
07:51 Farm
08:25 Farm
13:48 Scout Tower
14:41 Guard Tower
15:37 Scout Tower
15:42 Scout Tower
15:43 Scout Tower
15:45 Scout Tower
15:45 Scout Tower
16:33 Guard Tower
16:34 Guard Tower
17:01 Guard Tower
17:25 Guard Tower
» items
| Scroll of Regeneration | 2 | |
| Scroll of Town Portal | 1 | |
3 total

»
SoRRow- (
pink | 59 APM | 1896 actions | 31:56)
6 Keeper of the Grove
3 Entangling Roots
2 Thorns Aura
1 Tranquility
6 Priestess of the Moon
3 Trueshot Aura
2 Searing Arrows
1 Starfall
» actions
| Assign group hotkey | 35 | |
| Basic commands | 5 | |
| Build / train | 64 | |
| Enter build submenu | 17 | |
| Enter hero's abilities submenu | 12 | |
| Remove unit from queue | 1 | |
| Right click | 980 | |
| Select / deselect | 247 | |
| Select group hotkey | 473 | |
| Use ability | 62 | |
1896 total
» units
| Wisp | 13 | |
| Huntress | 8 | |
| Dryad | 11 | |
| Mountain Giant | 1 | |
| Glaive Thrower | 2 | |
35 total
» upgrades
| Abolish Magic | 1 | |
| Upgrade Moon Glaive | 1 | |
| Hardened Skin | 1 | |
| Resistant Skin | 1 | |
| Well Spring | 1 | |
5 total
» buildings
| Altar of Elders | 1 | |
| Moon Well | 5 | |
| Ancient of War | 2 | |
| Hunter's Hall | 1 | |
| Ancient Protector | 1 | |
| Tree of Ages | 1 | |
| Ancient of Wonders | 1 | |
| Ancient of Lore | 2 | |
| Tree of Eternity | 1 | |
| Tree of Life | 2 | |
17 total
» build order
00:09 Altar of Elders
00:19 Moon Well
01:51 Ancient of War
01:54 Hunter's Hall
01:58 Ancient of War
02:10 Moon Well
02:32 Moon Well
03:01 Ancient Protector
05:43 Tree of Ages
05:49 Ancient of Wonders
06:39 Moon Well
06:40 Moon Well
08:47 Ancient of Lore
08:49 Ancient of Lore
10:03 Tree of Eternity
16:17 Tree of Life
16:38 Tree of Life
» items
| Lesser Clarity Potion | 3 | |
| Scroll of Town Portal | 1 | |
| Orb of Venom | 1 | |
5 total
WinterEagle (
purple | 78 APM | 2485 actions | 32:01)
6 Blood Mage
3 Flame Strike
2 Siphon Mana
1 Summon Phoenix
» actions
| Assign group hotkey | 123 | |
| Basic commands | 304 | |
| Build / train | 180 | |
| ESC pressed | 6 | |
| Enter build submenu | 54 | |
| Enter hero's abilities submenu | 6 | |
| Give item / drop item | 5 | |
| Right click | 452 | |
| Select / deselect | 324 | |
| Select group hotkey | 851 | |
| Use ability | 180 | |
2485 total
» units
| Peasant | 21 | |
| Footman | 6 | |
| Sorceress | 3 | |
| Goblin Shredder | 3 | |
| Dragonhawk Rider | 2 | |
| Gryphon Rider | 7 | |
| Knight | 1 | |
43 total
» upgrades
| Masonry | 3 | |
| Lumber Harvesting | 2 | |
| Swords | 3 | |
| Sorceress Training | 2 | |
| Magic Sentry | 1 | |
| Armor | 3 | |
| Animal War Training | 1 | |
| Cloud | 1 | |
| Storm Hammers | 1 | |
| Backpack | 1 | |
| Gunpowder | 3 | |
| Plating | 3 | |
| Defend | 1 | |
| Long Rifles | 1 | |
| Priest Training | 2 | |
| Control Magic | 1 | |
29 total
» buildings
| Altar of Kings | 1 | |
| Barracks | 1 | |
| Farm | 14 | |
| Arcane Vault | 1 | |
| Town Hall | 3 | |
| Lumber Mill | 1 | |
| Keep | 3 | |
| Scout Tower | 28 | |
| Guard Tower | 50 | |
| Blacksmith | 1 | |
| Arcane Sanctum | 1 | |
| Castle | 3 | |
| Gryphon Aviary | 7 | |
114 total
» build order
00:54 Altar of Kings
00:56 Barracks
00:58 Farm
01:04 Farm
01:26 Farm
02:10 Farm
02:36 Arcane Vault
02:54 Farm
03:56 Town Hall
04:52 Lumber Mill
05:10 Keep
05:10 Keep
05:10 Keep
05:18 Scout Tower
05:20 Scout Tower
05:22 Scout Tower
05:25 Scout Tower
05:27 Scout Tower
06:32 Guard Tower
06:32 Guard Tower
06:33 Guard Tower
06:50 Blacksmith
07:46 Arcane Sanctum
07:53 Castle
07:53 Castle
09:23 Guard Tower
09:23 Guard Tower
09:27 Guard Tower
09:28 Guard Tower
09:32 Guard Tower
09:32 Guard Tower
09:32 Guard Tower
10:51 Gryphon Aviary
10:52 Gryphon Aviary
10:54 Gryphon Aviary
10:58 Gryphon Aviary
10:58 Gryphon Aviary
11:10 Scout Tower
11:10 Scout Tower
11:10 Scout Tower
11:11 Scout Tower
11:12 Scout Tower
11:20 Town Hall
11:31 Gryphon Aviary
11:32 Gryphon Aviary
11:44 Guard Tower
11:44 Guard Tower
11:45 Guard Tower
11:54 Guard Tower
11:54 Guard Tower
11:54 Guard Tower
12:44 Guard Tower
13:23 Farm
14:46 Scout Tower
14:48 Scout Tower
14:48 Scout Tower
14:49 Scout Tower
14:50 Scout Tower
14:51 Scout Tower
14:52 Scout Tower
14:53 Scout Tower
14:53 Scout Tower
14:54 Scout Tower
14:55 Scout Tower
15:21 Guard Tower
15:21 Guard Tower
15:21 Guard Tower
15:22 Guard Tower
15:22 Guard Tower
15:28 Guard Tower
15:29 Guard Tower
15:50 Guard Tower
15:50 Guard Tower
15:51 Guard Tower
15:52 Guard Tower
15:52 Guard Tower
15:56 Guard Tower
15:56 Guard Tower
16:57 Scout Tower
16:58 Scout Tower
16:59 Scout Tower
16:59 Scout Tower
17:02 Scout Tower
17:06 Scout Tower
17:09 Scout Tower
18:26 Guard Tower
18:47 Farm
18:51 Farm
18:54 Guard Tower
18:54 Guard Tower
18:54 Guard Tower
22:03 Farm
22:06 Farm
22:48 Farm
22:51 Farm
22:53 Farm
22:54 Farm
23:32 Town Hall
» items
| Scroll of Regeneration | 6 | |
| Staff of Teleportation | 2 | |
| Boots of Speed | 1 | |
| Potion of Invisibility | 1 | |
| Lesser Clarity Potion | 5 | |
| Ivory Tower | 4 | |
| Scroll of Town Portal | 3 | |
| Potion of Healing | 1 | |
23 total
Superionn (
teal | 28 APM | 592 actions | 21:28)
3 Death Knight
2 Death Coil
1 Unholy Aura
» actions
| Assign group hotkey | 15 | |
| Build / train | 72 | |
| Enter build submenu | 23 | |
| Enter hero's abilities submenu | 3 | |
| Remove unit from queue | 6 | |
| Right click | 131 | |
| Select / deselect | 215 | |
| Select group hotkey | 84 | |
| Use ability | 43 | |
592 total
» units
| Acolyte | 17 | |
| Ghoul | 5 | |
| Crypt Fiend | 17 | |
| Obsidian Statue | 5 | |
| Goblin Shredder | 1 | |
45 total
» upgrades
| Creature Attack | 1 | |
| Creature Carapace | 1 | |
| Web | 1 | |
3 total
» buildings
| Crypt | 1 | |
| Altar of Darkness | 1 | |
| Ziggurat | 15 | |
| Graveyard | 1 | |
| Tomb of Relics | 1 | |
| Spirit Tower | 11 | |
| Halls of the Dead | 1 | |
| Slaughterhouse | 1 | |
| Black Citadel | 2 | |
34 total
» build order
00:09 Crypt
00:14 Altar of Darkness
00:21 Ziggurat
01:29 Graveyard
02:06 Ziggurat
02:49 Ziggurat
03:00 Tomb of Relics
03:16 Spirit Tower
03:46 Spirit Tower
06:53 Ziggurat
07:47 Ziggurat
07:50 Ziggurat
07:52 Ziggurat
07:56 Ziggurat
08:20 Halls of the Dead
09:04 Spirit Tower
09:56 Spirit Tower
09:57 Spirit Tower
10:00 Spirit Tower
11:06 Slaughterhouse
11:12 Ziggurat
11:15 Ziggurat
14:05 Ziggurat
14:08 Ziggurat
14:20 Spirit Tower
14:46 Ziggurat
15:35 Spirit Tower
15:37 Spirit Tower
16:22 Spirit Tower
16:24 Ziggurat
16:29 Black Citadel
17:25 Spirit Tower
17:38 Black Citadel
19:05 Ziggurat
team 2 (winner)

»
ThexMailman1017 (
orange | 46 APM | 899 actions | 19:44)
2 Demon Hunter
1 Mana Burn
1 Immolation
2 Keeper of the Grove
1 Entangling Roots
1 Thorns Aura
» actions
| Assign group hotkey | 8 | |
| Basic commands | 45 | |
| Build / train | 42 | |
| Enter build submenu | 20 | |
| Enter hero's abilities submenu | 4 | |
| Remove unit from queue | 1 | |
| Right click | 431 | |
| Select / deselect | 300 | |
| Select group hotkey | 8 | |
| Use ability | 40 | |
899 total
» units
| Wisp | 14 | |
| Huntress | 6 | |
| Chimaera | 6 | |
| Hippogryph | 3 | |
29 total
» upgrades
| Strength of the Wild | 2 | |
| Corrosive Breath | 1 | |
3 total
» buildings
| Altar of Elders | 1 | |
| Moon Well | 7 | |
| Hunter's Hall | 1 | |
| Ancient of War | 1 | |
| Ancient of Wonders | 2 | |
| Tree of Ages | 1 | |
| Tree of Eternity | 1 | |
| Ancient of Wind | 1 | |
| Chimaera Roost | 3 | |
| Ancient Protector | 1 | |
| Tree of Life | 1 | |
20 total
» build order
00:51 Altar of Elders
00:59 Moon Well
01:40 Hunter's Hall
01:53 Ancient of War
02:05 Moon Well
02:06 Moon Well
02:38 Ancient of Wonders
02:47 Ancient of Wonders
03:48 Moon Well
04:19 Tree of Ages
04:25 Moon Well
05:11 Moon Well
07:05 Tree of Eternity
07:30 Ancient of Wind
10:03 Chimaera Roost
10:04 Chimaera Roost
10:07 Chimaera Roost
11:34 Moon Well
12:07 Ancient Protector
14:40 Tree of Life

»
phil_deez (
yellow | 54 APM | 1221 actions | 22:43)
5 Death Knight
3 Death Coil
2 Unholy Aura
» actions
| Assign group hotkey | 22 | |
| Basic commands | 143 | |
| Build / train | 85 | |
| ESC pressed | 6 | |
| Enter build submenu | 18 | |
| Enter hero's abilities submenu | 5 | |
| Right click | 340 | |
| Select / deselect | 330 | |
| Select group hotkey | 216 | |
| Use ability | 56 | |
1221 total
» units
| Acolyte | 25 | |
| Ghoul | 4 | |
| Crypt Fiend | 15 | |
| Obsidian Statue | 3 | |
47 total
» upgrades
| Creature Attack | 3 | |
| Web | 3 | |
| Burrow | 1 | |
| Creature Carapace | 3 | |
10 total
» buildings
| Ziggurat | 5 | |
| Altar of Darkness | 2 | |
| Crypt | 1 | |
| Graveyard | 1 | |
| Tomb of Relics | 1 | |
| Halls of the Dead | 2 | |
| Spirit Tower | 8 | |
| Nerubian Tower | 2 | |
| Slaughterhouse | 1 | |
| Black Citadel | 1 | |
| Sacrificial Pit | 1 | |
25 total
» build order
00:05 Ziggurat
00:11 Altar of Darkness
00:33 Crypt
01:04 Graveyard
01:11 Ziggurat
02:26 Tomb of Relics
03:29 Halls of the Dead
03:29 Halls of the Dead
04:36 Ziggurat
05:22 Ziggurat
05:44 Spirit Tower
05:47 Nerubian Tower
06:41 Slaughterhouse
11:09 Black Citadel
11:52 Ziggurat
16:40 Sacrificial Pit
17:36 Spirit Tower
20:54 Spirit Tower
20:55 Spirit Tower
21:53 Spirit Tower
21:53 Spirit Tower
21:54 Spirit Tower
» items
| Scroll of Regeneration | 1 | |
| Lesser Clarity Potion | 1 | |
| Scroll of Town Portal | 1 | |
3 total
LUKE-SKYWALK3R. (
red | 60 APM | 1921 actions | 32:01)
7 Blood Mage
3 Flame Strike
3 Siphon Mana
1 Summon Phoenix
4 Mountain King
2 Storm Bolt
2 Bash
» actions
| Assign group hotkey | 63 | |
| Basic commands | 16 | |
| Build / train | 116 | |
| Enter build submenu | 32 | |
| Enter hero's abilities submenu | 11 | |
| Give item / drop item | 4 | |
| Right click | 778 | |
| Select / deselect | 287 | |
| Select group hotkey | 485 | |
| Use ability | 129 | |
1921 total
» units
| Peasant | 16 | |
| Footman | 5 | |
| Goblin Shredder | 1 | |
| Goblin Zeppelin | 1 | |
| Gryphon Rider | 7 | |
| Sorceress | 2 | |
| Goblin Sapper | 3 | |
35 total
» upgrades
| Masonry | 3 | |
| Lumber Harvesting | 1 | |
| Swords | 3 | |
| Animal War Training | 1 | |
| Sorceress Training | 2 | |
| Armor | 3 | |
| Storm Hammers | 1 | |
| Cloud | 1 | |
15 total
» buildings
| Altar of Kings | 1 | |
| Barracks | 1 | |
| Farm | 11 | |
| Scout Tower | 41 | |
| Arcane Vault | 1 | |
| Arcane Tower | 1 | |
| Lumber Mill | 1 | |
| Town Hall | 2 | |
| Guard Tower | 19 | |
| Keep | 1 | |
| Castle | 1 | |
| Gryphon Aviary | 4 | |
| Blacksmith | 1 | |
| Arcane Sanctum | 1 | |
86 total
» build order
00:07 Altar of Kings
00:21 Barracks
00:41 Farm
00:52 Farm
01:36 Farm
01:39 Scout Tower
02:00 Arcane Vault
02:21 Arcane Tower
02:36 Lumber Mill
03:28 Farm
04:46 Town Hall
04:48 Scout Tower
04:48 Scout Tower
05:10 Scout Tower
05:11 Scout Tower
05:20 Guard Tower
05:50 Scout Tower
05:50 Scout Tower
06:13 Guard Tower
06:14 Guard Tower
06:16 Keep
06:24 Guard Tower
06:33 Scout Tower
06:34 Scout Tower
06:35 Scout Tower
06:35 Scout Tower
06:36 Scout Tower
07:06 Guard Tower
07:08 Guard Tower
07:19 Scout Tower
07:20 Scout Tower
07:54 Scout Tower
07:55 Scout Tower
07:57 Guard Tower
08:25 Guard Tower
08:42 Castle
09:06 Guard Tower
10:25 Scout Tower
10:42 Scout Tower
10:42 Scout Tower
11:09 Guard Tower
11:09 Guard Tower
11:14 Gryphon Aviary
11:15 Gryphon Aviary
11:16 Gryphon Aviary
12:07 Guard Tower
12:10 Blacksmith
12:58 Scout Tower
12:59 Scout Tower
13:39 Guard Tower
13:48 Gryphon Aviary
14:09 Arcane Sanctum
14:45 Farm
14:47 Scout Tower
14:48 Scout Tower
14:48 Scout Tower
14:49 Scout Tower
14:50 Scout Tower
14:50 Scout Tower
15:51 Guard Tower
16:28 Farm
16:28 Farm
16:29 Farm
16:30 Farm
16:30 Farm
16:31 Farm
16:33 Guard Tower
17:55 Scout Tower
17:55 Scout Tower
18:55 Guard Tower
18:57 Scout Tower
18:58 Scout Tower
19:00 Scout Tower
19:00 Scout Tower
20:22 Guard Tower
20:22 Guard Tower
20:24 Guard Tower
24:29 Town Hall
» items
| Scroll of Regeneration | 6 | |
| Staff of Teleportation | 1 | |
| Scroll of Town Portal | 4 | |
| Potion of Mana | 3 | |
| Lesser Clarity Potion | 2 | |
| Potion of Invisibility | 1 | |
| Potion of Lesser Invulnerability | 2 | |
| Tome of Retraining | 1 | |
| Scroll of Healing | 2 | |
22 total

»
Canadian_Monk (
green | 60 APM | 1170 actions | 19:32)
4 Paladin
2 Holy Light
2 Divine Shield
1 Archmage
1 Blizzard
» actions
| Basic commands | 3 | |
| Build / train | 56 | |
| Enter build submenu | 19 | |
| Enter hero's abilities submenu | 5 | |
| Right click | 696 | |
| Select / deselect | 332 | |
| Use ability | 58 | |
1170 total
» units
| Peasant | 18 | |
| Footman | 8 | |
| Priest | 1 | |
| Knight | 3 | |
30 total
» upgrades
| Defend | 1 | |
| Swords | 2 | |
| Plating | 1 | |
| Lumber Harvesting | 1 | |
| Priest Training | 1 | |
| Animal War Training | 1 | |
7 total
» buildings
| Altar of Kings | 1 | |
| Farm | 8 | |
| Barracks | 3 | |
| Lumber Mill | 2 | |
| Scout Tower | 3 | |
| Keep | 1 | |
| Arcane Tower | 1 | |
| Guard Tower | 3 | |
| Arcane Vault | 1 | |
| Blacksmith | 1 | |
| Castle | 1 | |
| Arcane Sanctum | 3 | |
28 total
» build order
00:21 Altar of Kings
00:39 Farm
00:40 Farm
01:05 Barracks
01:09 Barracks
01:15 Lumber Mill
01:21 Lumber Mill
01:41 Farm
01:56 Farm
02:22 Barracks
03:06 Scout Tower
03:07 Scout Tower
03:12 Keep
03:32 Farm
03:40 Arcane Tower
04:27 Guard Tower
04:43 Scout Tower
05:14 Guard Tower
05:47 Arcane Vault
06:06 Blacksmith
07:02 Castle
07:06 Guard Tower
07:22 Arcane Sanctum
08:19 Arcane Sanctum
08:21 Arcane Sanctum
09:16 Farm
09:17 Farm
09:17 Farm
» items
| Ivory Tower | 4 | |
| Staff of Teleportation | 1 | |
| Boots of Speed | 1 | |
6 total
Chat log
(00:10 / All) WinterEagle: KU KU KU BABY, GET IN LINE!
(00:12 / All) WinterEagle: How is all of you gentlemen's fine evenings?
(00:15 / All) ThexMailman1017: The force is strong with red.
(00:36 / All) LUKE-SKYWALK3R.: got fucking 20k medaclhorion count bros
(00:47 / All) LUKE-SKYWALK3R.: higher than yoda
(00:49 / All) ThexMailman1017: ITS OVER 9000!!!!
(01:49 / Allies) Superionn: units?
(01:57 / Allies) Utes: rifle mortar
(02:01 / Allies) Superionn: fiend abmo
(02:18 / Allies) SoRRow-: kotg hunt for now
(02:26 / Allies) WinterEagle: Bloodmage
(02:51 / Allies) SoRRow-: massin
(02:52 / Allies) SoRRow-: dual rack
(04:24 / Allies) Utes: lol
(08:03 / Allies) Utes: purp knight priest?
(08:13 / Allies) WinterEagle: I'm both a knight and priest
(08:16 / Allies) Utes: ok
(08:34 / Allies) Utes: ha
(08:43 / Allies) Utes: nice
(10:04 / Allies) Superionn: cc
(10:05 / Allies) Utes: make towers
(10:25 / Allies) Utes: go
(11:57 / Allies) Superionn: hit main
(12:57 / Allies) Utes: gold plz
(13:11 / Allies) SoRRow-: need aa
(13:19 / Allies) Utes: teal u got web?
(13:23 / All) LUKE-SKYWALK3R.: pink lol
(13:30 / All) LUKE-SKYWALK3R.: ur hunts got green on edge
(13:35 / All) SoRRow-: :)
(14:52 / Allies) Utes: \lol
(15:03 / Allies) SoRRow-: alot of chim
(15:27 / Allies) Superionn: main
(15:28 / Allies) SoRRow-: main
(15:33 / Allies) SoRRow-: dk
(15:51 / Allies) Utes: im going
(16:15 / Allies) Utes: use them
(17:20 / Allies) SoRRow-: gold?
(20:12 / All) phil_deez: gg
(20:14 / All) SoRRow-: gg
(20:17 / All) WinterEagle: stay
(20:24 / All) phil_deez: ok
(20:28 / All) WinterEagle: I'm backstabbing
(20:38 / Allies) Superionn: purple wtf?
(20:45 / Allies) Superionn: game over
(20:47 / Allies) WinterEagle: I'm arachnophobic sorry
(20:49 / All) LUKE-SKYWALK3R.: liar purple
(20:55 / Allies) WinterEagle: dislike spiders
(20:58 / Allies) Utes: lol
(21:20 / Allies) Superionn: ok thanks for remindign me im wasting my time purp
(21:28 / Allies) WinterEagle: You're welcome
(21:42 / All) LUKE-SKYWALK3R.: come yellow
(21:45 / All) LUKE-SKYWALK3R.: lets rape them
(21:45 / Allies) Utes: no my peasant :(
(21:47 / All) WinterEagle: Wow he raged out fast
(24:00 / Allies) Utes: LOL
(24:04 / Allies) Utes: holy towers
(24:15 / Allies) Utes: go so ican see
(24:20 / Allies) SoRRow-: flare?
(24:28 / Allies) SoRRow-: lol
(24:30 / Allies) Utes: lol
(25:24 / All) WinterEagle: Just need to kill their armies then my stuff
(26:32 / All) LUKE-SKYWALK3R.: ty
(26:33 / All) LUKE-SKYWALK3R.: out
(26:35 / All) WinterEagle: woot I got phoenix from that
(26:48 / All) WinterEagle: You two can leave now
(26:59 / Allies) SoRRow-: il wait
(27:04 / Allies) Utes: wait for what>
(27:05 / Allies) Utes: ?
(27:13 / Allies) WinterEagle: Yeah wait for what?
(27:18 / Allies) WinterEagle: I'm just going to kill our buildings if you stay
(27:21 / Allies) Utes: im confused
(27:22 / All) WinterEagle: Leave and you get a tie
(27:22 / Allies) SoRRow-: so do it
(27:24 / All) WinterEagle: Stay and you get a loss
(27:27 / Allies) SoRRow-: purple is backstabbing
(27:28 / Allies) Utes: wait
(27:30 / Allies) SoRRow-: if u didnt notice
(27:32 / Allies) Utes: if i leave i get a tie how?
(27:32 / Allies) SoRRow-: but its ok
(27:37 / Allies) SoRRow-: just a dead game
(27:43 / Allies) Utes: how do u get a tie?
(27:44 / Allies) WinterEagle: You don't get a win or loss if you leave
(27:46 / Allies) WinterEagle: Leave and you get a tie
(27:47 / All) LUKE-SKYWALK3R.: this game was less eventful than our other the other night
(27:48 / Allies) WinterEagle: stay and you get a loss
(27:51 / Allies) SoRRow-: hes lying obv
(27:51 / Allies) Utes: how?
(27:53 / All) WinterEagle: Still not a bad game though
(27:57 / Allies) SoRRow-: blue dont be so damn naive
(27:58 / Allies) WinterEagle: You've never gotten a tie before?
(28:01 / Allies) WinterEagle: They are fairly common
(28:02 / Allies) Utes: no
(28:04 / Allies) Utes: im confused
(28:11 / Allies) WinterEagle: If you leave a game you get a tie instead of a win or loss
(28:19 / Allies) SoRRow-: hyes lying blue
(28:19 / Allies) WinterEagle: if you leave now you'll see no effect on your record
(28:20 / Allies) Utes: no bc then people could never lose
(28:21 / All) LUKE-SKYWALK3R.: take the high road, guys, and concede your loss
(28:23 / Allies) Utes: if they are losing
(28:36 / Allies) WinterEagle: yeah that's how those northrend hackers got the 598-3 record for example
(28:38 / Allies) WinterEagle: It works
(28:41 / Allies) WinterEagle: Try it and see
(28:46 / Allies) WinterEagle: I mean you have nothing to lose from testing it
(28:48 / Allies) Utes: why cant u just kill red
(28:54 / Allies) WinterEagle: He's my friend obviously
(28:57 / Allies) Utes: ..
(28:59 / Allies) SoRRow-: hes stabbing cuz hes just some lonely noob
(29:03 / Allies) Utes: so let him take the loss
(29:05 / All) LUKE-SKYWALK3R.: i hate pple who got dryads
(29:08 / Allies) Utes: ha
(29:09 / Allies) WinterEagle: Why?
(29:12 / All) WinterEagle: Me too
(29:13 / All) SoRRow-: its because red cant win on his skill
(29:15 / Allies) Utes: why dont u want the win?
(29:16 / All) SoRRow-: needs his bf
(29:18 / All) WinterEagle: We're 0-0 lol
(29:19 / Allies) Utes: u obviously outplayed him
(29:21 / All) WinterEagle: It isn't about winning or losing
(29:22 / All) LUKE-SKYWALK3R.: what happened to ur keeper bro
(29:23 / Allies) WinterEagle: I'm 0-0
(29:24 / All) LUKE-SKYWALK3R.: and potm
(29:25 / Allies) Utes: i say who did better wins
(29:25 / All) LUKE-SKYWALK3R.: lol
(29:27 / All) LUKE-SKYWALK3R.: u mad
(29:30 / All) SoRRow-: nope
(29:36 / All) SoRRow-: wc3 is dead i just play for fun
(29:39 / All) SoRRow-: i dont mind
(29:40 / All) LUKE-SKYWALK3R.: clearly ur mad since ur still in the game
(29:44 / All) SoRRow-: just makes u look pathetifc
(29:52 / All) SoRRow-: im making him kill everytyhing
(29:56 / All) SoRRow-: no biggie
(29:58 / All) LUKE-SKYWALK3R.: explain why i killed ur keeper then
(30:04 / All) LUKE-SKYWALK3R.: and potm
(30:04 / Allies) WinterEagle: Blue got a tie
(30:08 / Allies) WinterEagle: You can get one too if you leave
(30:09 / All) SoRRow-: whoa 20 griffs killed a kotg?
(30:14 / All) SoRRow-: damn ur obv much better then me
(30:19 / All) LUKE-SKYWALK3R.: 10 griffs
(30:28 / All) SoRRow-: considering purp gave u the win in a game u got raped in
(30:38 / All) LUKE-SKYWALK3R.: pink still doesnt know
(30:39 / All) WinterEagle: lol
(30:40 / All) LUKE-SKYWALK3R.: lol
(30:45 / All) WinterEagle: They are always so naive
(31:27 / All) LUKE-SKYWALK3R.: pink i am the superior player
(31:35 / All) SoRRow-: wanna solo me?
(31:36 / All) WinterEagle: He probably thinks he's better too
(31:36 / All) LUKE-SKYWALK3R.: u are inferior
(31:38 / All) LUKE-SKYWALK3R.: yes
(31:39 / All) WinterEagle: I can host if you want to
(31:40 / All) SoRRow-: k
(31:43 / All) SoRRow-: k host
(31:44 / All) SoRRow-: gn?
(31:44 / All) WinterEagle: channel forum after
(31:47 / All) SoRRow-: k
(31:55 / All) SoRRow-: lets go now
(32:00 / All) WinterEagle: My team getst he loss